 Dungeon Crawl Stone Soup version 0.20.1-1-g8b1a95d66d (webtiles) character file.

469 Ivernyr the Chucker (level 7, -3/72 HPs)
             Began as an Ogre Hunter on Nov 20, 2017.
             Was a Follower of Okawaru.
             Slain by an orc
             ... wielding a +0 flail
              (6 damage)
             ... on level 3 of the Dungeon.
             The game lasted 00:14:56 (4726 turns).

Ivernyr the Chucker (Ogre Hunter)                   Turns: 4726, Time: 00:14:56

Health: -3/72      AC:  3    Str: 17    XL:     7   Next: 9%
Magic:  5/7        EV: 12    Int: 14    God:    Okawaru [*.....]
Gold:   145        SH:  0    Dex:  9    Spells: 6/6 levels left

rFire    . . .     SeeInvis +   a - +0 whip
rCold    . . .     Gourm    .   (no shield)
rNeg     + . .     Faith    .   b - +0 robe
rPois    .         Spirit   .   (helmet restricted)
rElec    .         Reflect  .   (no cloak)
rCorr    .         Harm     .   (gloves unavailable)
MR       .....                  (boots unavailable)
Stlth    +++.......             (no amulet)
Regen    0.3/turn               e - ring of see invisible
MPRegen  0.1/turn               q - ring of positive energy

@: about to teleport, heroism
A: unfitting armour, tough skin 1
a: Heroism, Renounce Religion


You were on level 3 of the Dungeon.
You worshipped Okawaru.
Okawaru was aware of your devotion.
You were not hungry.

You visited 1 branch of the dungeon, and saw 3 of its levels.

You collected 145 gold pieces.

Inventory:

Hand Weapons
 a - a +0 whip (weapon)
Armour
 b - a +0 robe (worn)
Jewellery
 e - a ring of see invisible (left hand)
 q - a ring of positive energy (right hand)
Scrolls
 d - 3 scrolls of teleportation
 j - a scroll of identify
 k - a scroll of magic mapping {unknown}
 o - a scroll of enchant armour {unknown}
 p - 2 scrolls of fear {unknown}
 r - a scroll of blinking {unknown}
Potions
 h - 2 potions of curing
 m - a potion of lignification {unknown}
 n - a potion of might {unknown}
Comestibles
 f - 3 bread rations
 g - 3 meat rations


   Skills:
 + Level 5.0(10.0) Fighting
 * Level 3.6(8.6) Maces & Flails
 * Level 6.1(11.1) Throwing
 - Level 2.0(7.0) Dodging
 - Level 0.6(5.6) Stealth


You had 6 spell levels left.
You didn't know any spells.

Dungeon Overview and Level Annotations

Branches:
Dungeon (3/15)

Altars:
Makhleb
Okawaru
Qazlal
Ru
Trog
The Shining One

Annotations:
D:3 Terence


Innate Abilities, Weirdness & Mutations

You are too large for most types of armour.
You have tough skin. (AC +1)


Message History

The orc warrior misses you. The orc hits you with a war axe.
You closely miss the orc. The orc hits you with a flail!
* * * LOW HITPOINT WARNING * * *
The orc warrior closely misses you. The orc misses you.
The orc warrior closely misses you.
As you read the scroll labeled EGIAMP QE RENE, it crumbles to dust.
It is a scroll of identify.
d - 4 scrolls of teleportation The orc closely misses you.
As you read the scroll of teleportation, it crumbles to dust.
You feel strangely unstable.
The orc warrior hits you from afar with a halberd.
* * * LOW HITPOINT WARNING * * *
The orc closely misses you.
The orc warrior hits you from afar with a halberd!
* * * LOW HITPOINT WARNING * * *
You gain the combat prowess of a mighty hero.
The orc misses you. The orc warrior closely misses you.
The orc hits you with a flail.
You die...

#######.#.###### #
#.#.# # #.#.# #
#.#.# # #.#.# #
#.#.# #######.#.#
..........########
....(....(..oooo@#
........#.########
###.).....# #
#.#.#####
###<#.#######
.............
#.###.###.### #.#
#.# #.###.#


You could see an orc warrior and 3 orcs.

Vanquished Creatures
  Grinder (D:3)
  A black bear (D:3)
  An orc wizard (D:3)
  5 adders
  2 worms (D:2)
  3 dart slugs (D:1)
  3 leopard geckos
  10 orcs (D:3)
  A ball python (D:3)
  6 bats
  2 giant cockroaches
  8 goblins
  4 hobgoblins
  5 jackals
  7 kobolds
  A quokka (D:3)
  9 frilled lizards
  11 rats
80 creatures vanquished.

Notes
Turn   | Place    | Note
-------+----------+-------------------------------------------
     0 | D:1      | Ivernyr the Ogre Hunter began the quest for the Orb.
     0 | D:1      | Reached XP level 1. HP: 22/22 MP: 1/1
   164 | D:1      | Reached XP level 2. HP: 23/29 MP: 2/2
   473 | D:1      | Reached skill level 1 in Maces & Flails
   599 | D:1      | Reached XP level 3. HP: 30/37 MP: 3/3
  1505 | D:2      | Reached XP level 4. HP: 35/45 MP: 4/4
  1719 | D:2      | HP: 2/45 [poisoned by an adder]
  1727 | D:2      | HP: 1/45 [poisoned by an adder]
  2079 | D:2      | Found a sacrificial altar of Ru.
  2932 | D:3      | Reached skill level 5 in Throwing
  3206 | D:3      | Noticed Terence
  3286 | D:3      | Reached XP level 5. HP: 31/54 MP: 5/5
  3743 | D:3      | Found a burning altar of Makhleb.
  3755 | D:3      | Found a bloodstained altar of Trog.
  3765 | D:3      | Found a glowing golden altar of the Shining One.
  3776 | D:3      | Found a stormy altar of Qazlal.
  3778 | D:3      | Found an iron altar of Okawaru.
  3785 | D:3      | Became a worshipper of Warmaster Okawaru
  3835 | D:3      | Noticed an orc warrior
  4082 | D:3      | Noticed Grinder
  4127 | D:3      | Paralysed by Grinder for 3 turns
  4136 | D:3      | Paralysed by Grinder for 7 turns
  4154 | D:3      | Killed Grinder
  4154 | D:3      | Reached * piety under Okawaru
  4154 | D:3      | Reached XP level 6. HP: 27/63 MP: 6/6
  4675 | D:3      | Noticed a black bear
  4678 | D:3      | Killed a black bear
  4678 | D:3      | Reached skill level 5 in Fighting
  4678 | D:3      | Reached skill level 6 in Throwing
  4678 | D:3      | Reached XP level 7. HP: 72/72 MP: 7/7
  4724 | D:3      | HP: 3/72 [orc warrior/halberd (17)]
  4726 | D:3      | Slain by an orc

Skill      XL: |  1  2  3  4  5  6 |
---------------+-------------------+-----
Dodging        | 2 |  2.0
Fighting       | 3 4 5 |  5.0
Maces & Flails | 1 2 3 |  3.6
Throwing       | 5 6 |  6.1
Stealth        | |  0.6

Action                   |  1- 3 |  4- 6 |  7- 9 || total
-------------------------+-------+-------+-------++-------
Melee: Short sword       |    13 |       |       ||    13
       Whip              |   126 |   227 |     2 ||   355
Throw: Large rock        |     1 |    24 |     4 ||    29
       Throwing net      |       |     2 |       ||     2
Invok: Heroism           |       |       |     1 ||     1
  Use: Potion            |       |     4 |       ||     4
       Scroll            |       |       |     2 ||     2
 Stab: Held in net/web   |       |     1 |       ||     1
  Eat: Chunk             |     1 |    11 |       ||    12
Armor: Robe              |    19 |    51 |       ||    70
Dodge: Dodged            |    58 |   109 |    11 ||   178
